 Dungeon Crawl Stone Soup version 0.23.0-3-gf3c87f2 (webtiles) character file.

Game seed: 2450626450240740693

69 Scud the Sneak (level 4, -6/38 HPs)
             Began as a Gnoll Assassin on Feb 23, 2019.
             Mangled by a worm (8 damage)
             ... on level 2 of the Dungeon.
             The game lasted 00:07:22 (1522 turns).

Scud the Sneak (Gnoll Assassin)                     Turns: 1522, Time: 00:07:23

Health: -6/38      AC:  3    Str: 14    XL:     4   Next: 20%
Magic:  5/5        EV: 13    Int: 13    God:
Gold:   105        SH:  0    Dex: 17    Spells: 5/5 levels left

rFire    . . .     SeeInvis .   a - +2 dagger
rCold    . . .     Gourm    +   (no shield)
rNeg     . . .     Faith    .   c - +0 robe
rPois    .         Spirit   .   (no helmet)
rElec    .         Reflect  .   d - +0 cloak
rCorr    .         Harm     .   (no gloves)
MR       .....                  (no boots)
Stlth    ++........             l - amulet of the gourmand
HPRegen  0.12/turn              (no ring)
MPRegen  0.09/turn              (no ring)

@: very slow
A: distributed training, fangs 1, strong nose
a: no special abilities


You were on level 2 of the Dungeon.
You were very hungry.

You visited 1 branch of the dungeon, and saw 2 of its levels.

You collected 105 gold pieces.

Inventory:

Hand Weapons
 a - a +2 dagger (weapon)
 b - a +0 blowgun
Missiles
 e - 8 poisoned needles
 f - 2 curare-tipped needles
Armour
 c - a +0 robe (worn)
 d - a +0 cloak (worn)
Jewellery
 l - an amulet of the gourmand (around neck)
Scrolls
 i - 2 scrolls of identify {unknown}
 k - 2 scrolls of remove curse {unknown}
 n - a scroll of teleportation {unknown}
 q - a scroll of immolation {unknown}
 r - a scroll of magic mapping {unknown}
Potions
 h - a potion of haste {unknown}
 j - 2 potions of degeneration {unknown}
 m - 2 potions of curing
 o - a potion of brilliance {unknown}
 p - a potion of heal wounds {unknown}
Comestibles
 g - 2 rations


   Skills:
 + Level 4.6 Fighting
 + Level 4.6 Short Blades
 + Level 1.0 Long Blades
 + Level 1.0 Axes
 + Level 1.0 Maces & Flails
 + Level 1.0 Polearms
 + Level 1.0 Staves
 + Level 1.0 Slings
 + Level 1.0 Bows
 + Level 1.0 Crossbows
 + Level 4.6 Throwing
 + Level 1.0 Armour
 + Level 2.7 Dodging
 + Level 7.8 Stealth
 + Level 1.0 Shields
 + Level 1.0 Unarmed Combat
 + Level 1.0 Spellcasting
 + Level 0.8 Conjurations
 + Level 0.8 Hexes
 + Level 0.8 Charms
 + Level 0.8 Summonings
 + Level 0.8 Necromancy
 + Level 0.8 Translocations
 + Level 0.8 Transmutations
 + Level 0.8 Fire Magic
 + Level 0.8 Ice Magic
 + Level 0.8 Air Magic
 + Level 0.8 Earth Magic
 + Level 0.8 Poison Magic
 + Level 1.1 Invocations
 + Level 1.0 Evocations


You had 5 spell levels left.
You didn't know any spells.
Your spell library was empty.

Dungeon Overview and Level Annotations

Branches:
Dungeon (2/15)

Altars:
Elyvilon


Innate Abilities, Weirdness & Mutations

Your experience applies equally to all skills.
You have very sharp teeth.
Your uncanny sense of smell can sniff out nearby items.


Message History

* * * LOW HITPOINT WARNING * * *
The worm completely misses you. The worm closely misses you.
The worm barely misses you. The worm bites you but does no damage.
The worm splashes around in the water.
The worm completely misses you.
The worm splashes around in the water.
The worm misses you. The worm bites you!
* * * LOW HITPOINT WARNING * * *
The worm misses you. The worm barely misses you. The worm bites you.
* * * LOW HITPOINT WARNING * * *
The worm misses you. The worm misses you.
The worm splashes around in the water.
The worm bites you!
You die...

...
#.#########
##.# #.#
###...###.#
#≈≈...≈≈#.#
#≈..♣..≈#?#
..........#
..♣._.♣...#
....÷.....#
≈..♣..@#.#
#≈≈...≈w#.#
###...###.#
##.. ..#
### ##


You could see a worm.

Vanquished Creatures
  2 adders (D:2)
  A dart slug (D:1)
  A leopard gecko (D:2)
  4 giant cockroaches (D:1)
  8 hobgoblins
  3 jackals (D:1)
  4 bats
  A frilled lizard (D:1)
  8 goblins
  7 kobolds
  7 rats
46 creatures vanquished.

Vanquished Creatures (others)
  A quokka (D:2)
1 creature vanquished.

Grand Total: 47 creatures vanquished

Notes
Turn   | Place    | Note
-------+----------+-------------------------------------------
     0 | D:1      | Scud the Gnoll Assassin began the quest for the Orb.
     0 | D:1      | Reached XP level 1. HP: 20/20 MP: 1/1
    87 | D:1      | HP: 1/20 [hobgoblin/+0 club (7)]
    90 | D:1      | Reached XP level 2. HP: 2/26 MP: 2/2
   723 | D:1      | Reached XP level 3. HP: 23/31 MP: 3/3
  1208 | D:2      | Reached skill level 1 in Invocations
  1268 | D:2      | Reached skill level 1 in Long Blades
  1268 | D:2      | Reached skill level 1 in Axes
  1268 | D:2      | Reached skill level 1 in Maces & Flails
  1268 | D:2      | Reached skill level 1 in Polearms
  1268 | D:2      | Reached skill level 1 in Staves
  1268 | D:2      | Reached skill level 1 in Slings
  1268 | D:2      | Reached skill level 1 in Bows
  1268 | D:2      | Reached skill level 1 in Crossbows
  1268 | D:2      | Reached skill level 1 in Armour
  1268 | D:2      | Reached skill level 1 in Shields
  1268 | D:2      | Reached skill level 1 in Unarmed Combat
  1268 | D:2      | Reached skill level 1 in Spellcasting
  1268 | D:2      | Reached skill level 1 in Evocations
  1306 | D:2      | Reached XP level 4. HP: 24/38 MP: 5/5
  1467 | D:2      | Found a white marble altar of Elyvilon.
  1515 | D:2      | HP: 1/38 [worm (4)]
  1522 | D:2      | Mangled by a worm

Skill      XL: |  1  2  3 |
---------------+----------+-----
Invocations    | 1 |  1.1
Long Blades    | 1 |  1.0
Axes           | 1 |  1.0
Maces & Flails | 1 |  1.0
Polearms       | 1 |  1.0
Staves         | 1 |  1.0
Slings         | 1 |  1.0
Bows           | 1 |  1.0
Crossbows      | 1 |  1.0
Armour         | 1 |  1.0
Shields        | 1 |  1.0
Unarmed Combat | 1 |  1.0
Spellcasting   | 1 |  1.0
Evocations     | 1 |  1.0
Fighting       | |  4.6
Short Blades   | |  4.6
Throwing       | |  4.6
Dodging        | |  2.7
Stealth        | |  7.8
Conjurations   | |  0.8
Hexes          | |  0.8
Charms         | |  0.8
Summonings     | |  0.8
Necromancy     | |  0.8
Translocations | |  0.8
Transmutations | |  0.8
Fire Magic     | |  0.8
Ice Magic      | |  0.8
Air Magic      | |  0.8
Earth Magic    | |  0.8
Poison Magic   | |  0.8

Action                   |  1- 3 |  4- 6 || total
-------------------------+-------+-------++-------
Melee: Dagger            |   147 |    37 ||   184
       Bite              |    12 |     2 ||    14
       Punch             |     1 |     1 ||     2
 Stab: Sleeping          |    10 |       ||    10
  Eat: Chunk             |     2 |       ||     2
Armor: Robe              |    41 |    17 ||    58
Dodge: Dodged            |   118 |    52 ||   170
